 Dungeon Crawl Stone Soup version 0.31.0-9-g3a7656b989 (webtiles) character file.

Game seed: 10104458859691257816

1169 MrIGI the Grappler (level 8, 0/75 HPs)
             Began as a Troll Fighter on Feb 1, 2024.
             Slain by an orc warrior
             ... wielding a +0 battleaxe
              (17 damage)
             ... on level 6 of the Dungeon.
             The game lasted 00:08:23 (4094 turns).

MrIGI the Grappler (Troll Fighter)                  Turns: 4094, Time: 00:08:24

Health: 0/75       AC:  4    Str: 31    XL:     8   Next: 17%
Magic:  7/7        EV:  9    Int:  3    God:
Gold:   217        SH:  8    Dex:  8    Spells: 7/7 levels left

rFire   x .          .
                       - Unarmed
rCold   + . .        b - +0 kite shield
rNeg    . . .        a - +0 robe
rPois   .            (helmet restricted)
rElec   .            (no cloak)
rCorr   .            (gloves unavailable)
SInv    .            (boots unavailable)
Will    +....        (no amulet)
Stlth   +            m - ring of ice
HPRegen 1.12/turn    p - ring of willpower
MPRegen 0.10/turn

%: no passive effects
@: no status effects
A: large, unfitting armour, claws 3, regeneration 1, shaggy fur 1, tough skin 1,
screaming 1, strong 1, MP-powered wands, sturdy frame 1
a: no special abilities


You were on level 6 of the Dungeon.
You visited 1 branch of the dungeon, and saw 6 of its levels.

You collected 217 gold pieces.

Inventory:

Armour
 a - a +0 robe (worn)
 b - a +0 kite shield (worn)
 r - an orb of mayhem
Jewellery
 m - a ring of ice (left claw)
 p - a ring of willpower (right claw)
Talismans
 v - a serpent talisman
 w - the blade talisman of the Summoning Gods {Will- Str+7 Int+6}
   (You found it on level 6 of the Dungeon)

   [blade talisman]

   Str+7:     It affects your strength (+7).
   Int+6:     It affects your intelligence (+6).
   Will-:     It decreases your willpower.
Wands
 x - a wand of flame (9)
Scrolls
 e - 2 scrolls of fog {unknown}
 f - a scroll of noise {unknown}
 i - 2 scrolls of enchant weapon {unknown}
 j - 3 scrolls of fear {unknown}
 k - 5 scrolls of identify {unknown}
 q - a scroll of immolation {unknown}
 s - a scroll of acquirement {unknown}
 t - a scroll of teleportation {unknown}
 u - a scroll of brand weapon {unknown}
Potions
 c - a potion of might
 d - a potion of mutation
 g - a potion of lignification
 h - a potion of brilliance
 l - 2 potions of curing {unknown}
 n - a potion of heal wounds
 o - a potion of ambrosia {unknown}
 z - a potion of degeneration {unknown}


   Skills:
 + Level 3.1 Fighting
 + Level 3.6 Dodging
 + Level 4.5 Shields
 * Level 8.0 Unarmed Combat


You had 7 spell levels left.
You didn't know any spells.
Your spell library contained the following spells:

 Spells                   Type           Power      Damage    Failure   Level
 Freeze                   Ice            0%         1d3       73%         1
 Sting                    Conj/Alch      0%         1d3       73%         1
 Ensorcelled Hibernation  Hex/Ice        0%         N/A       86%         2
 Jinxbite                 Hex            0%         N/A       86%         2
 Mercury Vapours          Alch/Air       0%         N/A       86%         2
 Frozen Ramparts          Ice            0%         1d1       97%         3
 Hailstorm                Conj/Ice       0%         3d5       97%         3
 Passwall                 Erth           0%         N/A       97%         3
 Swiftness                Air            0%         N/A       97%         3
 Olgreb's Toxic Radiance  Alch           0%         N/A       100%        4
 Yara's Violent Unravell  Hex/Alch       0%         3d3       100%        5
 Enfeeble                 Hex            0%         N/A       100%        7


Dungeon Overview and Level Annotations

Branches:
Dungeon (6/15)
 Temple: D:4-7

Altars:
Dithmenos
Fedhas

Shops:
D:3 :


Innate Abilities, Weirdness & Mutations

You are too large for most types of armour.
You have claws for hands.
Your natural rate of healing is unusually fast.
You are covered in fur. (AC +1)
You have tough skin. (AC +1)
You occasionally shout uncontrollably at your foes.
Your muscles are strong. (Str +4, Int/Dex -1)
You expend magic power (3 MP) to strengthen your wands.
Your movements are slightly less encumbered by armour. (ER -2)


Message History

Things that are here:
a +0 whip; a +0 scale mail; an orc corpse The orc warrior barely misses you.
The orc hits you but does no damage. You block the orc's attack.
The orc barely misses you.
You mangle the orc!!
You kill the orc!
You block the orc's attack. x2
The orc warrior hits you with a +0 battleaxe!
You barely miss the orc warrior.
You hear the slow hiss of an avalanche of sand.
You block the orc's attack. The orc barely misses you.
The orc warrior hits you with a +0 battleaxe!
You barely miss the orc warrior.
The orc warrior hits you with a +0 battleaxe!
You block the orc's attack. x2
You scratch the orc warrior.
The orc warrior is lightly wounded.
The orc hits you with a +0 dagger. You block the orc's attack.
The orc warrior completely misses you.
You scratch the orc warrior but do no damage.
The orc warrior is lightly wounded.
The orc warrior hits you with a +0 battleaxe!!
The orc misses you. The orc hits you but does no damage.
You scratch the orc warrior.
The orc warrior is lightly wounded.
The orc hits you but does no damage.
The orc warrior hits you with a +0 battleaxe.
The orc barely misses you.
You scratch the orc warrior.
The orc warrior is moderately wounded.
You block the orc warrior's attack. The orc hits you with a +0 club.
* * * LOW HITPOINT WARNING * * *
The orc hits you with a +0 dagger.
* * * LOW HITPOINT WARNING * * *
You claw the orc warrior!
The orc warrior is severely wounded.
You block the orc's attack. The orc hits you with a +0 club.
* * * LOW HITPOINT WARNING * * *
The orc warrior hits you with a +0 battleaxe!
You die...

####### #.....##
.......# ......#
......# #.....#
#)o...# #@o...#
#)o?..# #...>.#
#.....# ..##
###.....#
.....#####.......#
.................#
..................#
...................#


You could see an orc warrior and 2 orcs.

Vanquished Creatures
  2 water moccasins
  A sky beast (D:6)
  A centaur (D:4)
  3 scorpions
  A bombardier beetle (D:3)
  3 hounds
  A jelly (D:5)
  A gnoll bouda (D:4)
  3 orc priests
  Jessica (D:3)
  Terence (D:3)
  An iguana (D:5)
  10 gnolls
  7 adders
  A shadow imp (D:5)
  5 dart slugs
  3 ribbon worms
  6 orcs
  5 ball pythons
  9 bats
  6 endoplasms
  4 giant cockroaches
  6 goblins
  10 hobgoblins
  3 jackals (D:1)
  7 kobolds
  4 quokkas
  4 frilled lizards
  A rat (D:2)
110 creatures vanquished.

Notes
Turn   | Place    | Note
-------+----------+-------------------------------------------
     0 | D:1      | MrIGI the Troll Fighter began the quest for the Orb.
     0 | D:1      | Reached XP level 1. HP: 22/22 MP: 0/0
    36 | D:1      | Reached XP level 2. HP: 26/29 MP: 1/1
   455 | D:1      | Reached XP level 3. HP: 34/36 MP: 2/2
   854 | D:2      | Reached XP level 4. HP: 44/44 MP: 3/3
   941 | D:2      | Reached skill level 3 in Unarmed Combat
  1225 | D:3      | Found a faded altar of an unknown god.
  1348 | D:3      | Found a shadowy altar of Dithmenos.
  1359 | D:3      | Reached XP level 5. HP: 46/52 MP: 4/4
  1363 | D:3      | Reached skill level 4 in Unarmed Combat
  1554 | D:3      | Noticed Terence
  1560 | D:3      | Killed Terence
  1607 | D:3      | Found Anesch Beta's Book Shop.
  1610 | D:3      | Noticed Jessica
  1620 | D:3      | Killed Jessica
  2035 | D:4      | Reached skill level 5 in Unarmed Combat
  2035 | D:4      | Reached XP level 6. HP: 54/59 MP: 5/5
  2365 | D:4      | Noticed a water moccasin
  2372 | D:4      | Killed a water moccasin
  2373 | D:4      | Reached skill level 6 in Unarmed Combat
  2373 | D:4      | Reached XP level 7. HP: 61/67 MP: 6/6
  2651 | D:4      | Found a blossoming altar of Fedhas.
  2861 | D:5      | Entered Level 5 of the Dungeon
  3372 | D:5      | Gained mutation: You expend magic power (3 MP) to
                  | strengthen your wands. [potion of mutation]
  3372 | D:5      | Gained mutation: You occasionally shout uncontrollably at
                  | your foes. [potion of mutation]
  3372 | D:5      | Gained mutation: Your movements are slightly less
                  | encumbered by armour. (ER -2) [potion of mutation]
  3372 | D:5      | Gained mutation: Your muscles are strong. (Str +4, Int/Dex
                  | -1) [potion of mutation]
  3382 | D:5      | Reached skill level 7 in Unarmed Combat
  3765 | D:5      | Reached XP level 8. HP: 67/75 MP: 7/7
  3962 | D:6      | Identified the blade talisman of the Summoning Gods {Will-
                  | Str+7 Int+6}
  4031 | D:6      | Reached skill level 8 in Unarmed Combat
  4094 | D:6      | Slain by an orc warrior

Illustrated notes

Levels and vault maps discovered:
D:1:      minmay_arrival_open_corners, layout_basic
D:2:      layout_basic
D:3:      layout_basic, nicolae_dithmenos_shadow_blocks, serial_shops,
          nicolae_shop_advertising_works [nicolae_subvault_shop_adworks],
          shapermc_ecumenical_altar_mp_urbaneastern, uniq_jessica, uniq_terence
D:4:      layout_loops_ring, fedhas_altar_fruit_tree, minmay_misc_feat_rugged,
          minmay_goblin_outpost
D:5:      layout_loops_ring, kennysheep_path_1
D:6:      layout_layer_cave, mainiacjoe_overflow_alcove_3,
          mainiacjoe_ossuary_entry_dusty_tomb

Skill      XL: |  1  2  3  4  5  6  7  8 |
---------------+-------------------------+-----
Shields        | 3 4 |  4.5
Unarmed Combat | 3 5 6 7 8 |  8.0
Dodging        | 3 |  3.6
Fighting       | 3 |  3.1

Action                     |  1- 3 |  4- 6 |  7- 9 || total
---------------------------+-------+-------+-------++-------
  Melee: Unarmed           |    72 |   111 |   110 ||   293
    Use: Potion            |       |       |     4 ||     4
   Stab: Sleeping          |       |       |     1 ||     1
 Armour: Robe              |    34 |    55 |    67 ||   156
         Skin              |       |       |     9 ||     9
  Dodge: Dodged            |    25 |    43 |    39 ||   107
  Block: Kite shield       |    28 |    39 |    61 ||   128
